| TOP OF THE 1ST |
|
Savannah Indians batting - Pitching for Mobile Bears : RHP Vic Irizarry
|
|
Pitching: RHP Vic Irizarry
|
|
|
Batting: RHB Talmadge Tanks
|
0-0: Called Strike 0-1: SINGLE (Line Drive, 8RS, EV 110.6 MPH)
|
|
Batting: RHB Eugeniuo Cotes
|
0-0: Ball 1-0: Foul Ball, location: 2F 1-1: Ball 2-1: Fielders Choice at 2nd, 6-4 (Groundball, 6, EV 79.4 MPH)
|
|
Batting: LHB Mike McCain
|
0-0: Called Strike Eugeniuo Cotes steals 2nd base (no throw) 0-1: Foul Ball, location: 2F 0-2: Ball 1-2: Fly out, F9 (Line Drive, 9, EV 96.9 MPH) Runner from 2nd tags up, SAFE at 3rd with throw by RF
|
|
Batting: LHB Omar Guerrero
|
0-0: Called Strike 0-1: Ball 1-1: Ground out 4-3 (Groundball, 4, EV 105.6 MPH)
|
| Top of the 1st over - 0 runs, 1 hit, 0 errors, 1 left on base; Savannah 0 - Mobile 0 |
| BOTTOM OF THE 1ST |
|
Mobile Bears batting - Pitching for Savannah Indians : RHP Jeffrey Horne
|
|
Pitching: RHP Jeffrey Horne
|
|
|
Batting: LHB Mike Woodard
|
0-0: Fly out, F9 (Flyball, 89D, EV 105.6 MPH)
|
|
Batting: RHB Ralph Lemon
|
0-0: Ball 1-0: Foul Ball, location: 2F 1-1: Called Strike 1-2: Strikes out swinging
|
|
Batting: SHB Paul Hundhammer
|
0-0: Ball 1-0: Ball 2-0: Ball 3-0: Called Strike 3-1: Base on Balls
|
|
Batting: LHB Pat Dodson
|
0-0: Ground out 4-3 (Groundball, 34, EV 99.4 MPH)
|
| Bottom of the 1st over - 0 runs, 0 hits, 0 errors, 1 left on base; Savannah 0 - Mobile 0 |
| TOP OF THE 2ND |
|
Savannah Indians batting - Pitching for Mobile Bears : RHP Vic Irizarry
|
|
Batting: LHB Ken Smith
|
0-0: Ball 1-0: Ball 2-0: Swinging Strike 2-1: Ball 3-1: Base on Balls
|
|
Batting: RHB Igor Roosendaal
|
0-0: Ball 1-0: TRIPLE (Flyball, 89XD, EV 105.0 MPH) Ken Smith scores
|
|
Batting: RHB Julio Collazo
|
0-0: Called Strike 0-1: Ball 1-1: Foul Ball, location: 2F 1-2: Fly out, F8 (Flyball, 8RXD, EV 91.9 MPH) Runner from 3rd tags up, SCORES, no throw by CF
|
|
Batting: RHB Mike Colbern
|
0-0: Ball 1-0: Foul Ball, location: 2F 1-1: Ball 2-1: Ball 3-1: Base on Balls
|
|
Batting: RHB Scott Richartz
|
0-0: Ball 1-0: DOUBLE (Flyball, 8LXD, EV 93.1 MPH) Mike Colbern to third Runner from 3rd tries for Home, SAFE, no throw by CF
|
|
Batting: RHB Talmadge Tanks
|
0-0: Ball 1-0: Foul Ball, location: 2F 1-1: SINGLE (Groundball, 6M, EV 80.6 MPH) (infield hit) Scott Richartz to third
|
|
Batting: RHB Eugeniuo Cotes
|
0-0: Called Strike 0-1: Called Strike Talmadge Tanks steals 2nd base 0-2: Ball 1-2: Foul Ball, location: 2F 1-2: Ground out 1-3 (Groundball, P, EV 72.5 MPH)
|
|
Batting: LHB Mike McCain
|
0-0: Ball 1-0: Called Strike 1-1: Swinging Strike 1-2: Strikes out swinging
|
| Top of the 2nd over - 3 runs, 3 hits, 0 errors, 2 left on base; Savannah 3 - Mobile 0 |
| BOTTOM OF THE 2ND |
|
Mobile Bears batting - Pitching for Savannah Indians : RHP Jeffrey Horne
|
|
Batting: LHB Douglas Latrenta
|
0-0: Fly out, F9 (Flyball, 9, EV 93.1 MPH)
|
|
Batting: RHB Terry Tyson
|
0-0: Ball 1-0: Ball 2-0: Called Strike 2-1: SINGLE (Line Drive, 34, EV 101.9 MPH)
|
|
Batting: LHB Derwin McNealy
|
0-0: Fielders Choice at 2nd, 5-4 (Groundball, 56, EV 107.5 MPH)
|
|
Batting: SHB Vern Followell
|
0-0: Called Strike Derwin McNealy steals 2nd base 0-1: Called Strike 0-2: Ball 1-2: Ball 2-2: Strikes out swinging
|
| Bottom of the 2nd over - 0 runs, 1 hit, 0 errors, 1 left on base; Savannah 3 - Mobile 0 |
| TOP OF THE 3RD |
|
Savannah Indians batting - Pitching for Mobile Bears : RHP Vic Irizarry
|
|
Batting: LHB Omar Guerrero
|
0-0: Foul Ball, location: 2F 0-1: Ball 1-1: Ball 2-1: Ball 3-1: Foul Ball, location: 2F 3-2: Base on Balls
|
|
Batting: LHB Ken Smith
|
0-0: Called Strike 0-1: Ball 1-1: Ball 2-1: Foul Ball, location: 2F 2-2: SINGLE (Groundball, 3D, EV 99.4 MPH) Omar Guerrero to second Runner from 2nd tries for 3rd, SAFE, no throw by RF
|
|
Batting: RHB Igor Roosendaal
|
0-0: Called Strike 0-1: Ball 1-1: Called Strike 1-2: Ball 2-2: Foul Ball, location: 2F 2-2: Ball 3-2: Base on Balls Ken Smith to second
|
|
Batting: RHB Julio Collazo
|
0-0: Called Strike 0-1: Ball 1-1: Fly out, F9 (Flyball, 89M, EV 88.8 MPH)
|
|
Batting: RHB Mike Colbern
|
0-0: Called Strike 0-1: Swinging Strike 0-2: Fly out, F7 (Flyball, 7, EV 84.4 MPH) Runner from 3rd tags up, SCORES, throw by LF Ken Smith to third
|
|
Batting: RHB Scott Richartz
|
0-0: Swinging Strike 0-1: Foul Ball, location: 2F 0-2: Ball 1-2: Strikes out looking
|
| Top of the 3rd over - 1 run, 1 hit, 0 errors, 2 left on base; Savannah 4 - Mobile 0 |
| BOTTOM OF THE 3RD |
|
Mobile Bears batting - Pitching for Savannah Indians : RHP Jeffrey Horne
|
|
Batting: RHB Daniel Winslow
|
0-0: Foul Ball, location: 2F 0-1: Called Strike 0-2: Ball 1-2: Ball 2-2: Strikes out swinging
|
|
Batting: LHB Mike Woodard
|
0-0: Ball 1-0: Ball 2-0: Foul Ball, location: 2F 2-1: Ball 3-1: Called Strike 3-2: Base on Balls
|
|
Batting: RHB Ralph Lemon
|
0-0: Called Strike Mike Woodard steals 2nd base 0-1: Foul Ball, location: 2F 0-2: Ball 1-2: Ball 2-2: Ball 3-2: Fly out, F9 (Flyball, 9LS, EV 78.8 MPH)
|
|
Batting: SHB Paul Hundhammer
|
0-0: Called Strike 0-1: Ball 1-1: Foul Ball, location: 2F 1-2: Foul Ball, location: 2F 1-2: Foul Ball, location: 2F 1-2: Foul Ball, location: 2F 1-2: Strikes out swinging
|
| Bottom of the 3rd over - 0 runs, 0 hits, 0 errors, 1 left on base; Savannah 4 - Mobile 0 |
| TOP OF THE 4TH |
|
Savannah Indians batting - Pitching for Mobile Bears : RHP Vic Irizarry
|
|
Batting: RHB Talmadge Tanks
|
0-0: Ground out 5-3 (Groundball, 5, EV 85.0 MPH)
|
|
Batting: RHB Eugeniuo Cotes
|
0-0: Fly out, F9 (Flyball, 9, EV 96.9 MPH)
|
|
Batting: LHB Mike McCain
|
0-0: Foul Ball, location: 2F 0-1: Swinging Strike 0-2: Ball 1-2: Strikes out swinging
|
| Top of the 4th over - 0 runs, 0 hits, 0 errors, 0 left on base; Savannah 4 - Mobile 0 |
| BOTTOM OF THE 4TH |
|
Mobile Bears batting - Pitching for Savannah Indians : RHP Jeffrey Horne
|
|
Batting: LHB Pat Dodson
|
0-0: Ball 1-0: Called Strike 1-1: Swinging Strike 1-2: SINGLE (Groundball, 3D, EV 105.0 MPH)
|
|
Batting: LHB Douglas Latrenta
|
0-0: Ball 1-0: Ball 2-0: Grounds into double play, 4-6-3 (Groundball, 4, EV 85.6 MPH)
|
|
Batting: RHB Terry Tyson
|
0-0: Ball 1-0: Ball 2-0: Ball 3-0: Base on Balls
|
|
Batting: LHB Derwin McNealy
|
0-0: Ball 1-0: Ball 2-0: Fielders Choice at 2nd, 5-4 (Groundball, 56, EV 102.5 MPH)
|
| Bottom of the 4th over - 0 runs, 1 hit, 0 errors, 1 left on base; Savannah 4 - Mobile 0 |
| TOP OF THE 5TH |
|
Savannah Indians batting - Pitching for Mobile Bears : RHP Vic Irizarry
|
|
Batting: LHB Omar Guerrero
|
0-0: Called Strike 0-1: Ball 1-1: Ball 2-1: Foul Ball, location: 2F 2-2: Ball 3-2: Foul Ball, location: 2F 3-2: Base on Balls
|
|
Batting: LHB Ken Smith
|
0-0: Foul Ball, location: 2F 0-1: Ball 1-1: 2-RUN HOME RUN (Flyball, 9D, EV 100.0 MPH), Distance : 391 ft
|
|
Pitching: RHP Mark Batten
|
|
|
Batting: RHB Igor Roosendaal
|
0-0: Ball 1-0: Foul Ball, location: 2F 1-1: Swinging Strike 1-2: Ball 2-2: Foul Ball, location: 2F 2-2: Foul Ball, location: 2F 2-2: Ball 3-2: Fly out, F9 (Flyball, 89XD, EV 94.4 MPH)
|
|
Batting: RHB Julio Collazo
|
0-0: Ball 1-0: Called Strike 1-1: Ball 2-1: Foul Ball, location: 2F 2-2: Fly out, F8 (Line Drive, 8LD, EV 107.5 MPH)
|
|
Batting: RHB Mike Colbern
|
0-0: Foul Ball, location: 2F 0-1: Ground out 4-3 (Groundball, 4, EV 100.6 MPH)
|
| Top of the 5th over - 2 runs, 1 hit, 0 errors, 0 left on base; Savannah 6 - Mobile 0 |
| BOTTOM OF THE 5TH |
|
Mobile Bears batting - Pitching for Savannah Indians : RHP Jeffrey Horne
|
|
Batting: SHB Vern Followell
|
0-0: Foul Ball, location: 2F 0-1: Called Strike 0-2: Fly out, F4 (Line Drive, 4, EV 67.5 MPH)
|
|
Batting: RHB Daniel Winslow
|
0-0: Ground out U3 (Groundball, 34S, EV 88.1 MPH)
|
|
Batting: LHB Mike Woodard
|
0-0: Ball 1-0: Ball 2-0: Called Strike 2-1: Fly out, F8 (Line Drive, 8LD, EV 99.4 MPH)
|
| Bottom of the 5th over - 0 runs, 0 hits, 0 errors, 0 left on base; Savannah 6 - Mobile 0 |
| TOP OF THE 6TH |
|
Savannah Indians batting - Pitching for Mobile Bears : RHP Mark Batten
|
|
Batting: RHB Scott Richartz
|
0-0: Called Strike 0-1: Foul Ball, location: 2F 0-2: Strikes out looking
|
|
Batting: RHB Talmadge Tanks
|
0-0: Fly out, F8 (Line Drive, 8RD, EV 101.9 MPH)
|
|
Batting: RHB Eugeniuo Cotes
|
0-0: Called Strike 0-1: Ball 1-1: Swinging Strike 1-2: Ball 2-2: Foul Ball, location: 2F 2-2: Ball 3-2: Ground out 5-3 (Groundball, 5, EV 79.4 MPH)
|
| Top of the 6th over - 0 runs, 0 hits, 0 errors, 0 left on base; Savannah 6 - Mobile 0 |
| BOTTOM OF THE 6TH |
|
Mobile Bears batting - Pitching for Savannah Indians : RHP Jeffrey Horne
|
|
Batting: RHB Ralph Lemon
|
0-0: Ground out 3-1 (Groundball, 34S, EV 63.8 MPH)
|
|
Batting: SHB Paul Hundhammer
|
0-0: Called Strike 0-1: Ball 1-1: Foul Ball, location: 2F 1-2: Strikes out swinging
|
|
Batting: LHB Pat Dodson
|
0-0: Ball 1-0: Ball 2-0: Called Strike 2-1: Swinging Strike 2-2: Strikes out swinging, 2-3 out at first.
|
| Bottom of the 6th over - 0 runs, 0 hits, 0 errors, 0 left on base; Savannah 6 - Mobile 0 |
| TOP OF THE 7TH |
|
Savannah Indians batting - Pitching for Mobile Bears : RHP Mark Batten
|
|
Batting: LHB Mike McCain
|
0-0: Called Strike 0-1: Ball 1-1: Ball 2-1: Called Strike 2-2: Ball 3-2: SOLO HOME RUN (Flyball, 7D, EV 105.0 MPH), Distance : 365 ft
|
|
Batting: LHB Omar Guerrero
|
0-0: Called Strike 0-1: Ground out U3 (Groundball, 34, EV 96.9 MPH)
|
|
Batting: LHB Ken Smith
|
0-0: Called Strike 0-1: Ball 1-1: Ball 2-1: Foul Ball, location: 2F 2-2: Ball 3-2: Foul Ball, location: 2F 3-2: Ground out U3 (Groundball, 34, EV 102.5 MPH)
|
|
Batting: RHB Igor Roosendaal
|
0-0: Swinging Strike 0-1: Ball 1-1: Called Strike 1-2: SINGLE (Flyball, 34D, EV 95.0 MPH)
|
|
Batting: RHB Julio Collazo
|
0-0: Ball 1-0: Ball 2-0: Foul Ball, location: 2F 2-1: Fielders Choice at 2nd, 6-4 (Groundball, 6, EV 85.6 MPH)
|
| Top of the 7th over - 1 run, 2 hits, 0 errors, 1 left on base; Savannah 7 - Mobile 0 |
| BOTTOM OF THE 7TH |
|
Mobile Bears batting - Pitching for Savannah Indians : RHP Jeffrey Horne
|
|
Batting: LHB Douglas Latrenta
|
0-0: Ball 1-0: Ball 2-0: Foul Ball, location: 2F 2-1: Foul Ball, location: 2F 2-2: Foul Ball, location: 2F 2-2: Foul Ball, location: 2F 2-2: Fly out, F9 (Flyball, 9D, EV 99.4 MPH)
|
|
Batting: RHB Terry Tyson
|
0-0: Ball 1-0: Called Strike 1-1: Swinging Strike 1-2: Fly out, F3 (Popup, 3L, EV 73.1 MPH)
|
|
Batting: LHB Derwin McNealy
|
0-0: Called Strike 0-1: Ground out 6-3 (Groundball, 6, EV 85.6 MPH)
|
| Bottom of the 7th over - 0 runs, 0 hits, 0 errors, 0 left on base; Savannah 7 - Mobile 0 |
| TOP OF THE 8TH |
|
Savannah Indians batting - Pitching for Mobile Bears : RHP Mark Batten
|
|
Batting: RHB Mike Colbern
|
0-0: Ball 1-0: Ball 2-0: Fly out, F8 (Flyball, 8RD, EV 100.0 MPH)
|
|
Batting: RHB Scott Richartz
|
0-0: Called Strike 0-1: Foul Ball, location: 2F 0-2: Foul Ball, location: 2F 0-2: Fly out, F4 (Popup, 4, EV 71.3 MPH)
|
|
Batting: RHB Talmadge Tanks
|
0-0: Called Strike 0-1: Ball 1-1: Ball 2-1: Swinging Strike 2-2: SINGLE (Groundball, 6M, EV 108.8 MPH) (infield hit)
|
|
Batting: RHB Eugeniuo Cotes
|
0-0: Ball 1-0: SINGLE (Groundball, 4M, EV 104.4 MPH) (infield hit) Talmadge Tanks to second
|
|
Batting: LHB Mike McCain
|
0-0: Swinging Strike 0-1: Foul Ball, location: 2F 0-2: Ball 1-2: Ball 2-2: Fly out, F8 (Flyball, 8RD, EV 101.3 MPH)
|
| Top of the 8th over - 0 runs, 2 hits, 0 errors, 2 left on base; Savannah 7 - Mobile 0 |
| BOTTOM OF THE 8TH |
|
Mobile Bears batting - Pitching for Savannah Indians : RHP Jeffrey Horne
|
|
Pinch Hitting: RHB Steven Day
|
0-0: Ball 1-0: Called Strike 1-1: Ground out 5-3 (Groundball, 56S, EV 82.5 MPH)
|
|
Batting: RHB Daniel Winslow
|
0-0: Ball 1-0: Fly out, F8 (Flyball, 8LD, EV 91.9 MPH)
|
|
Batting: LHB Mike Woodard
|
0-0: Swinging Strike 0-1: SINGLE (Groundball, 23, EV 65.6 MPH) (infield hit)
|
|
Batting: RHB Ralph Lemon
|
0-0: Ball 1-0: Ball 2-0: Called Strike 2-1: Ground out 4-3 (Groundball, 34, EV 87.5 MPH)
|
| Bottom of the 8th over - 0 runs, 1 hit, 0 errors, 1 left on base; Savannah 7 - Mobile 0 |
| TOP OF THE 9TH |
|
Savannah Indians batting - Pitching for Mobile Bears : RHP Mark Batten
|
|
Now at SS: Steven Day
|
|
|
Batting: LHB Omar Guerrero
|
0-0: Called Strike 0-1: Ball 1-1: Foul Ball, location: 2F 1-2: Fly out, F5 (Popup, 5D, EV 58.8 MPH)
|
|
Pitching: RHP Jeff Cary
|
|
|
Batting: LHB Ken Smith
|
0-0: Ball 1-0: Ball 2-0: Called Strike 2-1: Ball 3-1: SINGLE (Groundball, 34D, EV 103.1 MPH)
|
|
Batting: RHB Igor Roosendaal
|
0-0: Ball 1-0: Grounds into double play, 4-6-3 (Groundball, 34, EV 104.4 MPH)
|
| Top of the 9th over - 0 runs, 1 hit, 0 errors, 0 left on base; Savannah 7 - Mobile 0 |
| BOTTOM OF THE 9TH |
|
Mobile Bears batting - Pitching for Savannah Indians : RHP Jeffrey Horne
|
|
Batting: SHB Paul Hundhammer
|
0-0: Foul Ball, location: 2F 0-1: Ball 1-1: Called Strike 1-2: Ball 2-2: Ball 3-2: Foul Ball, location: 2F 3-2: Foul Ball, location: 2F 3-2: Foul Ball, location: 2F 3-2: Ground out U3 (Groundball, 3, EV 81.9 MPH)
|
|
Batting: LHB Pat Dodson
|
0-0: Ball 1-0: Ball 2-0: Called Strike 2-1: Foul Ball, location: 2F 2-2: Ball 3-2: Base on Balls
|
|
Batting: LHB Douglas Latrenta
|
0-0: Fly out, F8 (Line Drive, 8LM, EV 97.5 MPH)
|
|
Batting: RHB Terry Tyson
|
0-0: Ball 1-0: Called Strike 1-1: Foul Ball, location: 2F 1-2: DOUBLE (Groundball, 5L, EV 104.4 MPH) Pat Dodson to third
|
|
Batting: LHB Derwin McNealy
|
0-0: Called Strike 0-1: Swinging Strike 0-2: Strikes out swinging
|
| Bottom of the 9th over - 0 runs, 1 hit, 0 errors, 2 left on base; Savannah 7 - Mobile 0 |
|